 Dungeon Crawl Stone Soup version 0.31-a0-836-g3ceb0a68c4 (webtiles) character file.

Game seed: 17681770429998953955

37 Kurtz the Chopper (level 3, 0/39 HPs)
             Began as an Octopode Fighter on Sept 26, 2023.
             Succumbed to a goblin's poison
             ... on level 2 of the Dungeon.
             The game lasted 00:00:37 (1064 turns).

Kurtz the Chopper (Octopode Fighter)                Turns: 1064, Time: 00:00:37

Health: 0/39       AC: 21    Str: 15    XL:     3   Next: 41%
Magic:  3/3        EV:  2    Int: 10    God:
Gold:   64         SH:  4    Dex: 13    Spells: 2/2 levels left

rFire   . . .        a - +0 war axe
rCold   . . .        b - +0 buckler
rNeg    . . .        (helmet currently unavailable)
rPois   +            (no amulet)
rElec   .            (no ring)
rCorr   .            (no ring)
SInv    .            (no ring)
Will    .....        (no ring)
Stlth   +            (no ring)
HPRegen 0.26/turn    (no ring)
MPRegen 0.08/turn    (no ring)
                     (no ring)

%: no passive effects
@: lethally poisoned (0 -> -5), tree-form
A: stationary, stasis, torment immunity, boosted hp, almost no armour,
(amphibious), 8 rings, (camouflage 1), (gelatinous body 1), (nimble swimmer 1),
(tentacles)
a: no special abilities


You were on level 2 of the Dungeon.
You were a tree.
You visited 1 branch of the dungeon, and saw 2 of its levels.

You collected 64 gold pieces.

Inventory:

Hand Weapons
 a - a +0 war axe (weapon)
Missiles
 j - 3 poisoned darts
 k - 4 javelins
Armour
 b - a +0 buckler (worn)
Scrolls
 h - 2 scrolls of fear {unknown}
 i - a scroll of amnesia {unknown}
Potions
 c - a potion of might
 e - a potion of invisibility {unknown}
 f - a potion of enlightenment {unknown}
 g - a potion of attraction {unknown}


   Skills:
 - Level 3.0 Fighting
 * Level 3.7 Axes
 - Level 3.0 Dodging
 - Level 3.0 Shields


You had 2 spell levels left.
You didn't know any spells.
Your spell library was empty.

Dungeon Overview and Level Annotations

Branches:
Dungeon (2/15)

Altars:

Shops:
D:1 :


Innate Abilities, Weirdness & Mutations

You are a tree.
Your roots penetrate the ground, keeping you stationary.
You cannot be teleported.
You are immune to unholy pain and torment.
Your maximum health is greatly increased.
You cannot wear most types of armour.
((You are amphibious.))
You can wear up to eight rings at the same time.
((Your skin changes colour to match your surroundings (Stealth+).))
((Your rubbery body absorbs attacks. (AC +1, EV +1)))
((You are camouflaged when in or above water. (Stealth+)))
((You have tentacles for arms and can constrict up to eight enemies at once.))


Message History

You squeeze the goblin.
You kill the goblin!
A goblin comes into view. It is wielding a +2 dagger of venom.
The goblin unwields a +2 dagger of venom.
It stops dripping with poison.
The goblin wields a +0 sling.
The goblin shoots a sling bullet.
The sling bullet hits you.
A goblin is nearby!
The goblin shoots a sling bullet.
The sling bullet hits you.
A goblin is nearby!
Found 7 gold pieces.
The goblin shoots a sling bullet.
The sling bullet hits you.
You are too injured to fight recklessly!
A goblin is nearby!
You are too injured to fight recklessly!
A goblin is nearby!
You are too injured to fight recklessly!
A goblin is nearby!
You are too injured to fight recklessly!
A goblin is nearby!
You are too injured to fight recklessly!
A goblin is nearby!
You are too injured to fight recklessly!
An endoplasm comes into view.
Found 7 stones.
The goblin shoots a sling bullet.
The sling bullet hits you.
Found a lumpy emerald potion.
The goblin unwields a +0 sling.
The goblin wields a +2 dagger of venom.
It begins to drip with poison!
The goblin hits you with a +2 dagger of venom.
* * * LOW HITPOINT WARNING * * *
You are lethally poisoned!
You slash the goblin!
You kill the goblin!
* * * LOW HITPOINT WARNING * * *
You feel very sick.
* * * LOW HITPOINT WARNING * * *
You feel sick.
Things that are here:
a +2 dagger of venom; a +0 sling It was a potion of lignification.
You turn into a tree.
Your roots penetrate the ground.
You die...

#.......#
#.......# !.#
#....(..# ...#
#.......##...$#
#..............
..............
#.....#...#.#
#♣(..!.....#
##..$......# ..
###.........##..
#......!.......
#.#..........#
...#..........#
#.# #...)......#
... #.........?#
... ######..##.#
##


There were no monsters in sight!

Vanquished Creatures
  A worm (D:2)
  A dart slug (D:1)
  4 endoplasms
  3 giant cockroaches (D:1)
  3 goblins
  2 hobgoblins (D:1)
  2 quokkas
  2 ball pythons
  2 bats (D:1)
  4 frilled lizards (D:1)
  3 kobolds
  3 rats (D:1)
30 creatures vanquished.

Notes
Turn   | Place    | Note
-------+----------+-------------------------------------------
     0 | D:1      | Kurtz the Octopode Fighter began the quest for the Orb.
     0 | D:1      | Reached XP level 1. HP: 16/16 MP: 1/1
     7 | D:1      | Found Ysieth's Vocational Training.
   278 | D:1      | Reached XP level 2. HP: 21/21 MP: 2/2
   581 | D:1      | Reached XP level 3. HP: 20/26 MP: 3/3
  1063 | D:2      | HP: 1/26 [poisoned by a goblin]
  1064 | D:2      | Succumbed to a goblin's poison

Illustrated notes

Levels and vault maps discovered:
D:1:      erik_arrival_orb_chamber, layout_basic, nicolae_shop_vocational
D:2:      layout_rooms

Skill      XL: |  1  2 |
---------------+-------+-----
Axes           | 3 |  3.7
Fighting       | |  3.0
Dodging        | |  3.0
Shields        | |  3.0

Action                     || total
---------------------------++-------
  Melee: War axe           ||    47
         Constrict         ||     9
         Tentacles         ||     5
         Punch             ||     1
    Use: Potion            ||     1
   Stab: Sleeping          ||     9
 Armour: Skin              ||    16
  Dodge: Dodged            ||    20
  Block: Buckler           ||     5

Table legend: (Time is in decaauts)
 A = Elapsed time spent in this place.
 B = Non-inter-level travel time spent in this place.
 C = Inter-level travel time spent in this place.
 D = Time resting spent in this place.
 E = Time spent auto-exploring this place.
 F = Levels seen in this place.
 G = Mean time per level.
                   A        B        C        D        E       F      G
               +--------+--------+--------+--------+--------+-----+--------+
         Total |   1082 |   1047 |     35 |     76 |    780 |   2 |  541.0 |
       Dungeon |   1082 |   1047 |     35 |     76 |    780 |   2 |  541.0 |
               +--------+--------+--------+--------+--------+-----+--------+

Top non-repeatable levels by time:
     D:1: 821 daAuts
     D:2: 260 daAuts
